 Dungeon Crawl Stone Soup version 0.27.1-34-g3ba077fa99 (webtiles) character file.

Game seed: 10590300373433615743

1138 cbfl8 the Sneak (level 8, -12/68 HPs)
             Began as a Minotaur Delver on Jan 23, 2022.
             Was an Initiate of Yredelemnul.
             Mangled by a two-headed ogre (23 damage)
             ... on level 6 of the Dungeon.
             The game lasted 00:20:56 (5211 turns).

cbfl8 the Sneak (Minotaur Delver)                   Turns: 5211, Time: 00:20:56

Health: -12/68     AC:  8    Str: 20    XL:     8   Next: 14%
Magic:  7/7        EV: 11    Int:  7    God:    Yredelemnul [......]
Gold:   263        SH:  5    Dex: 11    Spells: 7/7 levels left

rFire    . . .     SeeInvis .   u - +3 short sword
rCold    . . .     Faith    .   (no shield)
rNeg     . . .     Spirit   .   x - +1 scale mail
rPois    .         Reflect  +   (helmet restricted)
rElec    .         Harm     .   (no cloak)
rCorr    .         Rampage  .   (no gloves)
Will     .....                  (no boots)
Stlth    ++........             H - amulet of reflection
HPRegen  0.21/turn              (no ring)
MPRegen  0.10/turn              (no ring)

@: no status effects
A: horns 2, retaliatory headbutt
a: Renounce Religion


You were on level 6 of the Dungeon.
You worshipped Yredelemnul.
Yredelemnul was noncommittal.
You visited 2 branches of the dungeon, and saw 7 of its levels.

You collected 377 gold pieces.
You spent 114 gold pieces at shops.

Inventory:

Hand Weapons
 a - a +0 hand axe
 r - a +0 hunting sling
 u - a +3 short sword (weapon)
 v - a +3 dagger
 w - a +1 dagger of speed
 A - a +0 short sword of speed
 I - a +0 shortbow
Missiles
 i - 29 poisoned darts (quivered)
 m - 97 bolts
 t - 4 large rocks
 E - a throwing net
 F - 3 silver javelins
 J - 26 arrows
Armour
 b - a +0 leather armour
 q - a +0 ring mail
 x - a +1 scale mail (worn)
Jewellery
 H - an amulet of reflection (around neck)
Wands
 g - a wand of digging (8)
 G - a wand of charming (1)
 L - a wand of iceblast (8)
Scrolls
 c - 2 scrolls of fog
 d - 2 scrolls of magic mapping
 e - 2 scrolls of fear
 h - 8 scrolls of teleportation
 k - a scroll of silence
 n - 2 scrolls of blinking
 p - a scroll of noise
 s - a scroll of acquirement
 y - a scroll of enchant armour
 B - a scroll of brand weapon
 K - a scroll of identify
Potions
 f - 2 potions of haste
 j - a potion of brilliance
 l - 3 potions of attraction
 o - a potion of resistance {unknown}
 z - 2 potions of heal wounds
 C - 3 potions of invisibility
 D - a potion of might


   Skills:
 + Level 5.3 Fighting
 + Level 5.0 Short Blades
 + Level 3.3 Axes
 + Level 5.2 Armour
 + Level 3.4 Dodging
 * Level 6.2 Stealth
 + Level 1.0 Shields


You had 7 spell levels left.
You didn't know any spells.
Your spell library contained the following spells:

 Spells                   Type           Power      Damage    Failure   Level
 Corpse Rot               Necr/Air       N/A        N/A       88%         2
 Ozocubu's Armour         Ice            0%         N/A       98%         3
 Dispel Undead            Necr           0%         3d6       100%        4
 Death Channel            Necr           0%         N/A       100%        6
 Ozocubu's Refrigeration  Ice            0%         4d5       100%        7


Dungeon Overview and Level Annotations

Branches:
Dungeon (6/15)             Temple (1/1) D:6

Altars:
Ashenzari
Cheibriados
Dithmenos
Elyvilon
Fedhas
Hepliaklqana
Makhleb
Nemelex Xobeh
Okawaru
Ru
Sif Muna
Trog
Vehumet
Xom
Yredelemnul
Zin
The Shining One
Lugonu

Shops:
D:1 :   D:3 *   D:5 ?

Annotations:
D:6 Sigmund


Innate Abilities, Weirdness & Mutations

You have a pair of horns on your head.
You reflexively headbutt those who attack you in melee.


Message History

The water moccasin skeleton is almost destroyed.
The water moccasin skeleton bites you but does no damage. x2
You hit the water moccasin skeleton.
You destroy the water moccasin skeleton!
Yredelemnul accepts your kill.
Your Short Blades skill increases to level 5!
Your Shields skill increases to level 1!
You start resting.
HP restored.
Found a falchion and a ring mail.
Found a stone staircase leading down.
L - a wand of iceblast (8)
Found a leather armour.
Found a stone staircase leading down.
Found 26 stones.
A two-headed ogre comes into view.
It is wielding a +0 giant spiked club and a +0 giant club.
The two-headed ogre shouts in stereo!
Sigmund the Dreaded comes into view.
He is wielding a +0 scythe.
Sigmund shouts!
A bullfrog zombie comes into view.
You hit the two-headed ogre but do no damage.
You block the two-headed ogre's attack.
The two-headed ogre hits you with a +0 giant club.
You hit the two-headed ogre but do no damage.
The two-headed ogre hits you with a +0 giant spiked club!
The two-headed ogre barely misses you.
You hit the two-headed ogre.
Your headbutt misses the two-headed ogre.
The two-headed ogre is lightly wounded.
You hit the two-headed ogre.
The two-headed ogre is lightly wounded.
The two-headed ogre hits you with a +0 giant spiked club!
The two-headed ogre hits you with a +0 giant club!!
* * * LOW HITPOINT WARNING * * *
Sigmund closely misses you.
You hit the two-headed ogre.
The two-headed ogre is lightly wounded.
You block the two-headed ogre's attack.
The two-headed ogre hits you with a +0 giant club!!
You die...
Your body rises from the dead as a mindless zombie.

.............#.....
..........).#.###.....
#...........#..##.#...
.............#...#...
#........>#...#.#..[
#.........##..#.#...
..####.@...>.###..#.#
..
.......Z.........##.#
# #O@............#
######.........#
#.....#...#
###########


You could see a two-headed ogre, Sigmund and a bullfrog zombie.

Vanquished Creatures
  A water moccasin (D:6)
  An ogre (D:4)
  2 necrophages
  A centaur (D:5)
  A bullfrog (D:6)
  A wyvern zombie (D:6)
  2 scorpions
  A water moccasin skeleton (D:6)
  A bullfrog zombie (D:3)
  A jelly (D:5)
  A hound (D:5)
  A bullfrog skeleton (D:5)
  Natasha (thrice) (D:4)
  2 hound skeletons (D:4)
  A howler monkey zombie (D:6)
  3 gnolls (D:3)
  7 adders
  A worm (D:4)
  3 dart slugs
  4 orcs
  6 endoplasms
  3 giant cockroaches
  9 goblins
  11 hobgoblins
  6 jackals (D:3)
  3 quokkas
  5 ball pythons
  A bat (D:3)
  4 frilled lizards
  8 kobolds
  4 rats
98 creatures vanquished.

Vanquished Creatures (others)
  2 demonic plants (Temple)
2 creatures vanquished.

Grand Total: 100 creatures vanquished

Notes
Turn   | Place    | Note
-------+----------+-------------------------------------------
     0 | D:5      | cbfl8 the Minotaur Delver began the quest for the Orb.
     0 | D:5      | Reached XP level 1. HP: 19/19 MP: 0/0
   133 | D:5      | Noticed a hound
   142 | D:5      | Killed a hound
   143 | D:5      | Reached XP level 2. HP: 23/27 MP: 1/1
   143 | D:5      | Reached XP level 3. HP: 28/33 MP: 2/2
   161 | D:5      | Reached skill level 5 in Stealth
   433 | D:4      | Noticed a scorpion
   656 | D:2      | Reached XP level 4. HP: 33/40 MP: 3/3
   677 | D:2      | Found a glowing golden altar of the Shining One.
   928 | D:1      | Noticed an eye of devastation
   929 | D:1      | Found a faded altar of an unknown god.
   932 | D:1      | Noticed a great orb of eyes
   932 | D:1      | Noticed a golden eye
   932 | D:1      | Noticed a floating eye
  1023 | D:1      | Found Jisih's Book Boutique.
  1081 | D:1      | Reached skill level 1 in Armour
  1567 | D:2      | Noticed a necrophage
  1577 | D:2      | Killed a necrophage
  1578 | D:2      | Reached XP level 5. HP: 46/46 MP: 4/4
  2007 | D:3      | Found a burning altar of Makhleb.
  2010 | D:3      | Noticed an Executioner
  2011 | D:3      | Found a glowing silver altar of Zin.
  2012 | D:3      | Noticed an angel
  2089 | D:3      | Reached skill level 1 in Short Blades
  2097 | D:3      | Reached XP level 6. HP: 28/53 MP: 5/5
  2433 | D:3      | Found Yreemaxo's Assorted Antiques.
  2742 | D:4      | Found a shimmering blue altar of Sif Muna.
  2742 | D:4      | Found a shadowy altar of Dithmenos.
  2742 | D:4      | Found a broken altar of Ashenzari.
  2742 | D:4      | Found a bloodstained altar of Trog.
  2742 | D:4      | Found an iron altar of Okawaru.
  2742 | D:4      | Found a radiant altar of Vehumet.
  3127 | D:4      | Noticed Natasha
  3137 | D:4      | Killed Natasha
  3138 | D:4      | Reached XP level 7. HP: 51/60 MP: 6/6
  3316 | D:4      | Noticed Natasha
  3321 | D:4      | Killed Natasha
  3571 | D:4      | Noticed Natasha
  3577 | D:4      | Killed Natasha
  3891 | D:5      | Found Neahis's Magic Scroll Shop.
  3915 | D:5      | Bought a scroll of magic mapping for 42 gold pieces
  3915 | D:5      | Bought a scroll of identify for 24 gold pieces
  3920 | D:5      | Identified a scroll of acquirement
  4034 | D:5      | Bought a scroll of identify for 24 gold pieces
  4034 | D:5      | Bought a scroll of identify for 24 gold pieces
  4693 | D:6      | Reached skill level 6 in Stealth
  4695 | D:6      | Reached skill level 5 in Fighting
  4700 | D:6      | Found a staircase to the Ecumenical Temple.
  4843 | D:6      | Reached skill level 5 in Armour
  4846 | Temple   | Entered the Ecumenical Temple
  4902 | Temple   | Became a worshipper of Yredelemnul the Dark
  4976 | D:6      | Reached XP level 8. HP: 68/68 MP: 7/7
  5012 | D:6      | Reached skill level 5 in Short Blades
  5012 | D:6      | Reached skill level 1 in Shields
  5203 | D:6      | Noticed a two-headed ogre
  5204 | D:6      | Noticed Sigmund
  5211 | D:6      | Mangled by a two-headed ogre

Illustrated notes

Levels and vault maps discovered:
D:1:      scummos_arrival_simple_crosswalls, layout_rooms, serial_shops, shop,
          hellmonk_ecumenical_altar_watching_god
D:2:      layout_rooms, basic_altar, minmay_circle_x
D:3:      layout_rooms, grunt_temple_overflow_order_and_chaos_2, serial_shops,
          shop, grunt_decor_mini_mirrors
D:4:      layout_basic, grunt_temple_overflow_open, uniq_natasha
D:5:      layout_basic, serial_shops, nicolae_lakefront_shop
D:6:      layout_rooms, minmay_temple_entry_tees, uniq_sigmund
Temple:   corrupted_temple

Skill      XL: |  1  2  3  4  5  6  7  8 |
---------------+-------------------------+-----
Fighting       | 4 5 |  5.3
Stealth        | 5 6 |  6.2
Armour         | 2 3 4 5 |  5.2
Axes           | 3 |  3.3
Short Blades   | 1 2 4 5 |  5.0
Dodging        | 3 |  3.4
Shields        | 1 |  1.0

Action                   |  1- 3 |  4- 6 |  7- 9 || total
-------------------------+-------+-------+-------++-------
Melee: Hand axe          |    37 |    23 |       ||    60
       Headbutt          |     7 |    27 |    13 ||    47
       Short sword       |       |   130 |    89 ||   219
  Use: Potion            |       |     2 |       ||     2
       Scroll            |       |       |    12 ||    12
 Stab: Sleeping          |       |     2 |     1 ||     3
Armor: Leather armour    |     5 |     2 |       ||     7
       Ring mail         |       |    17 |       ||    17
       Scale mail        |       |    43 |    31 ||    74
Dodge: Dodged            |    25 |   131 |    34 ||   190
Block: Other             |       |       |    17 ||    17
